 Dungeon Crawl Stone Soup version 0.31.0-32-g396128a36d (webtiles) character file.

Game seed: 17100068487210444429

4308 MrSnuffleupagus the Mimic (level 10, 0/86 HPs)
             Began as a Red Draconian Shapeshifter on Apr 3, 2024.
             Was a Follower of Makhleb.
             Slain by a gnoll
             ... wielding a +0 halberd
             ... led by a gnoll sergeant
              (10 damage)
             ... on level 9 of the Dungeon.
             The game lasted 00:10:16 (6742 turns).

MrSnuffleupagus the Mimic (DrSh)                    Turns: 6742, Time: 00:10:16

Health: 0/86       AC: 15    Str: 16    XL:     10   Next: 11%
Magic:  13/13      EV: 16    Int: 16    God:    Makhleb [*.....]
Gold:   384        SH:  0    Dex: 10    Spells: 9/9 levels left

rFire   + . .        k - melded +2 dagger (venom)
rCold   . . .        (shield currently unavailable)
rNeg    . . .        (body armour unavailable)
rPois   +            (helmet restricted)
rElec   .            C - +1 cloak {rPois}
rCorr   .            r - +0 pair of gloves
SInv    .            B - +0 pair of boots
Will    .....        (no amulet)
Stlth   +            T - +4 ring of protection
HPRegen 0.34/turn    L - ring of flight
MPRegen 0.13/turn

%: no passive effects
@: short of breath, flux-form, attractive, flying, glowing
A: glow, contaminating, breathe fire, AC +7, unfitting armour, fire resistance
1, cold-blooded
a: Breathe Fire, Begin Untransformation, Renounce Religion


You were on level 9 of the Dungeon.
You worshipped Makhleb.
Makhleb was aware of your devotion.
You were something dangerously unstable.
You visited 2 branches of the dungeon, and saw 10 of its levels.

You collected 411 gold pieces.
You spent 27 gold pieces at shops.


Innate Abilities, Weirdness & Mutations

You are something dangerously unstable.
You glow with magical radiation, making you easy to see and hit.
Foes you strike become dangerously contaminated with magical radiation.
You are incapable of wielding weapons or throwing items.
You can breathe blasts of fire.
Your fiery red scales are hard. (AC +7)
You cannot fit into any form of body armour.
Your flesh is heat resistant. (rF+)
You are cold-blooded and may be slowed by cold attacks.


   Skills:
 + Level 7.3 Fighting
 - Level 1.7 Dodging
 + Level 7.3 Unarmed Combat
 - Level 5.0 Invocations
 - Level 10.0 Shapeshifting


You had 9 spell levels left.
You didn't know any spells.
Your spell library contained the following spells:

 Spells                   Type           Power      Damage    Failure   Level
 Apportation              Tloc           0%         N/A       26%         1
 Necrotise                Necr           0%         1d4       26%         1
 Slow                     Hex            0%         N/A       26%         1
 Sting                    Conj/Alch      0%         1d3       26%         1
 Summon Small Mammal      Summ           0%         N/A       26%         1
 Confusing Touch          Hex            0%         N/A       58%         3
 Sigil of Binding         Hex            0%         N/A       58%         3
 Vampiric Draining        Necr           0%         2d6       58%         3
 Volatile Blastmotes      Fire/Tloc      0%         2d10      58%         3
 Fulminant Prism          Conj/Alch      0%         3d5       94%         4
 Iskenderun's Mystic Bla  Conj/Tloc      0%         2d3       94%         4
 Iskenderun's Battlesphe  Conj           0%         2d6       100%        5
 Bombard                  Conj/Erth      0%         9d1       100%        6
 Spellforged Servitor     Conj/Summ      0%         N/A       100%        7

Inventory:

Hand Weapons
 k - a +2 dagger of venom (melded)
Missiles
 w - 11 poisoned darts (quivered)
 y - 4 datura-tipped darts
Armour
 j - a +0 cloak
 r - a +0 pair of gloves (worn)
 B - a +0 pair of boots (worn)
 C - a +1 cloak of poison resistance (worn)
Magical Staves
 F - a staff of air {!a}
Jewellery
 I - an amulet of guardian spirit
 L - a ring of flight (right hand)
 T - a +4 ring of protection (left hand)
Talismans
 b - a beast talisman
 c - a flux talisman (active)
 H - a maw talisman
Wands
 J - a wand of digging (7)
Scrolls
 e - 3 scrolls of immolation {unknown}
 f - 2 scrolls of vulnerability {unknown}
 g - 6 scrolls of teleportation {unknown}
 h - a scroll of summoning {unknown}
 i - 7 scrolls of identify {unknown}
 l - a scroll of revelation {unknown}
 m - 2 scrolls of noise {unknown}
 n - 3 scrolls of fear {unknown}
 s - 2 scrolls of fog {unknown}
 A - 3 scrolls of enchant weapon {unknown}
 G - a scroll of enchant armour {unknown}
Potions
 a - 2 potions of lignification
 d - 2 potions of attraction
 o - 2 potions of resistance {unknown}
 p - 6 potions of curing {@q1}
 q - a potion of magic {unknown}
 t - a potion of enlightenment {unknown}
 u - a potion of ambrosia {unknown}
 v - a potion of might
 x - a potion of brilliance {unknown}
 z - a potion of heal wounds {unknown}
 D - a potion of cancellation {unknown}
 E - a potion of degeneration {unknown}

Dungeon Overview and Level Annotations

Branches:
Dungeon (9/15)             Temple (1/1) D:4            Lair (0/5) D:8
    Orc: D:9-12

Altars:
Ashenzari
Dithmenos
Elyvilon
Fedhas
Gozag
Hepliaklqana
Kikubaaqudgha
Makhleb
Nemelex Xobeh
Okawaru
Qazlal
Ru
Sif Muna
Trog
Uskayaw
Vehumet
Xom
Yredelemnul
Zin
The Shining One

Shops:
D:1 ?*(   D:4 * D:5

[ ....#.....##.........#
....#................#
....#................#
....#................#
....#................#
....#.....#############
...†'.....#?..........#
###.#.....#...........#
....#.....#...ggp.....###
....#.....#....eE........
....'.....#...g#####.....
....#.........g#####.....
....#.........°(egg......
###.#.####..####.......
#.#.#........#g......
#.#.#..####gg#.......
#...#.# #g#.......


You could see a deep elf pyromancer (heavy contam), a fire elemental (summoned)
and 4 gnolls.


Message History

The fire elemental barely misses you. The gnoll closely misses you.
The deep elf pyromancer is engulfed in blazing flames.
The deep elf pyromancer points at you and mumbles some strange words.
The bolt of fire hits you. You resist.
* * * LOW HITPOINT WARNING * * *
Unknown command.
You barely miss the deep elf pyromancer.
The deep elf pyromancer is moderately wounded.
The fire elemental closely misses you. The gnoll completely misses you.
The deep elf pyromancer hits you with a +0 long sword.
* * * LOW HITPOINT WARNING * * *
The gnoll is attracted toward you.
Unknown command.
You punch the deep elf pyromancer!
The deep elf pyromancer begins to glow.
The deep elf pyromancer is heavily wounded.
The fire elemental barely misses you. The fire elemental closely misses you.
Unknown command.
You hit the deep elf pyromancer.
The deep elf pyromancer glows dangerously bright.
The deep elf pyromancer is heavily wounded.
The gnoll hits you but does no damage.
The deep elf pyromancer points at you and mumbles some strange words.
The bolt of fire hits you! You resist.
* * * LOW HITPOINT WARNING * * *
The fire elemental hits you. The fire elemental burns you! You resist.
* * * LOW HITPOINT WARNING * * *
You closely miss the deep elf pyromancer.
The deep elf pyromancer is heavily wounded.
The gnoll hits you with a +0 halberd!
You die...

Skill      XL: |  1  2  3  4  5  6  7  8  9 |
---------------+----------------------------+-----
Fighting       | 2 3 4 5 6 7 |  7.3
Shapeshifting  | 4 5 6 7 10 | 10.0
Unarmed Combat | 4 7 |  7.3
Invocations    | 2 5 |  5.0
Dodging        | |  1.7

Action                     |  1- 3 |  4- 6 |  7- 9 | 10-12 || total
---------------------------+-------+-------+-------+-------++-------
  Melee: Unarmed           |    47 |       |   312 |    10 ||   369
         Tailslap          |    10 |    31 |    73 |       ||   114
         Punch             |     1 |     5 |     3 |       ||     9
         Dagger            |    47 |   172 |    76 |       ||   295
Ability: Breathe Fire      |       |       |     5 |     1 ||     6
    Use: Potion            |       |     2 |       |     1 ||     3
   Stab: Sleeping          |     1 |       |       |       ||     1
 Armour: Skin              |    41 |    64 |   261 |    24 ||   390
  Dodge: Dodged            |    52 |    86 |   373 |    25 ||   536
   Form: Flux              |       |       |     1 |       ||     1

Levels and vault maps discovered:
D:1:      lightli_arrival_statuegarden, layout_basic, serial_shops,
          nicolae_shop_waterfront, shop, nicolae_shop_rolled_up
D:2:      layout_basic, serial_forest, infiniplex_forest_zigzag_1,
          infiniplex_forest_corner_1, infiniplex_forest_clump_cross,
          infiniplex_forest_corner_1, infiniplex_forest_clump_small
D:3:      layout_rooms, okawaru_altar_gauntlet_db, st_stairs_14,
          serial_park_tiny_pond, uniq_jessica
D:4:      layout_rooms, zin_angel, lemuel_tele_altar,
          minmay_temple_entry_glassed_door, serial_shops,
          nicolae_shop_drivethru, grunt_tough_drop
D:5:      layout_rooms, nicolae_sif_muna_condensation, ashenzari_altar_1,
          serial_shops, nicolae_shop_trees
D:6:      layout_loops_cross, fedhas_altar_4, lemuel_crystal_altar,
          mainiacjoe_overflow_concentric_impassable
D:7:      minmay_inner_zag, layout_basic, grunt_gozag_statues
D:8:      layout_rooms, lemuel_doored_altar, mainiacjoe_overflow_catwalk,
          kb_xom_exploding_sheep, dpeg_oklobed_lair
D:9:      layout_stronghold, jmf_multi_god_temple, orc_0_dummy, minivault_20
Temple:   nicolae_temple_godpark

Notes
Turn   | Place    | Note
-------+----------+-------------------------------------------
     0 | D:1      | MrSnuffleupagus the Draconian Shapeshifter began the quest
                  | for the Orb.
     0 | D:1      | Reached XP level 1. HP: 16/16 MP: 1/1
    70 | D:1      | Reached skill level 2 in Fighting
   138 | D:1      | Found Hidalu's Antique Weapon Shoppe.
   210 | D:1      | Found Luaghis's General Store.
   217 | D:1      | Reached XP level 2. HP: 24/25 MP: 2/2
   414 | D:1      | Reached skill level 3 in Fighting
   647 | D:1      | Reached XP level 3. HP: 29/31 MP: 3/3
  1041 | D:1      | Found Rem Onn's Magic Scroll Shop.
  1402 | D:2      | Reached skill level 4 in Shapeshifting
  1402 | D:2      | Reached XP level 4. HP: 34/38 MP: 4/4
  1905 | D:3      | Reached skill level 4 in Fighting
  2262 | D:3      | Noticed Jessica
  2280 | D:3      | Killed Jessica
  2281 | D:3      | Reached XP level 5. HP: 45/46 MP: 5/5
  2399 | D:3      | Found an iron altar of Okawaru.
  2572 | D:4      | Found a sacrificial altar of Ru.
  2573 | D:4      | Noticed a black bear
  2580 | D:4      | Killed a black bear
  2581 | D:4      | Reached skill level 5 in Shapeshifting
  2581 | D:4      | Reached XP level 6. HP: 41/52 MP: 6/6
  2700 | D:4      | Found a transporter.
  2714 | D:4      | Found a staircase to the Ecumenical Temple.
  2762 | Temple   | Entered the Ecumenical Temple
  2885 | D:4      | Found Cydutz's Assorted Antiques.
  2902 | D:4      | Noticed a water moccasin
  2914 | D:4      | Killed a water moccasin
  2915 | D:4      | Reached skill level 6 in Shapeshifting
  2917 | D:4      | HP: 5/53 [poisoned by a water moccasin]
  3161 | D:4      | Found a transporter.
  3196 | D:4      | Found a glowing silver altar of Zin.
  3196 | D:4      | Noticed an angel
  3233 | D:4      | Reached skill level 5 in Fighting
  3345 | D:4      | Your scales start taking on a fiery red colour.
  3345 | D:4      | Reached XP level 7. HP: 61/61 MP: 7/7
  3345 | D:4      | Gained mutation: Your flesh is heat resistant. (rF+) [Red
                  | Draconian growth]
  3503 | D:4      | Bought a fizzy inky potion for 27 gold pieces
  3520 | D:5      | Entered Level 5 of the Dungeon
  3678 | D:5      | Reached skill level 4 in Unarmed Combat
  3678 | D:5      | Found a broken altar of Ashenzari.
  3896 | D:5      | Found Lutupruc's Armour Shop.
  3911 | D:5      | Found a shimmering blue altar of Sif Muna.
  3959 | D:5      | Reached skill level 6 in Fighting
  4256 | D:6      | Reached skill level 7 in Shapeshifting
  4256 | D:6      | Reached XP level 8. HP: 59/70 MP: 8/8
  4407 | D:6      | Found a blossoming altar of Fedhas.
  4451 | D:6      | Found a bloodstained altar of Trog.
  4630 | D:6      | Found an ancient bone altar of Kikubaaqudgha.
  4759 | D:6      | Reached skill level 5 in Unarmed Combat
  4774 | D:6      | Reached skill level 7 in Fighting
  5007 | D:7      | Found an opulent altar of Gozag.
  5075 | D:6      | Reached skill level 6 in Unarmed Combat
  5136 | Temple   | Became a worshipper of Makhleb the Destroyer
  5349 | D:7      | Reached skill level 1 in Invocations
  5379 | D:7      | Reached skill level 7 in Unarmed Combat
  5379 | D:7      | Reached skill level 2 in Invocations
  5409 | D:7      | Reached XP level 9. HP: 79/79 MP: 10/10
  5452 | D:7      | Reached skill level 3 in Invocations
  5855 | D:8      | Reached * piety under Makhleb
  5856 | D:8      | Reached skill level 4 in Invocations
  5919 | D:8      | Found a hazy altar of Hepliaklqana.
  6080 | D:8      | Reached skill level 8 in Shapeshifting
  6111 | D:8      | Reached skill level 5 in Invocations
  6228 | D:8      | Found a hide-covered altar of Uskayaw.
  6268 | D:8      | Found a staircase to the Lair.
  6363 | D:8      | Found a shimmering altar of Xom.
  6679 | D:9      | Reached skill level 9 in Shapeshifting
  6709 | D:9      | Noticed a deep elf pyromancer
  6709 | D:9      | Noticed a harpy
  6718 | D:9      | Killed a harpy
  6719 | D:9      | Reached skill level 10 in Shapeshifting
  6719 | D:9      | Reached XP level 10. HP: 65/86 MP: 13/13
  6742 | D:9      | Slain by a gnoll

Vanquished Creatures
  A harpy (shapeshifter) (D:9)
  5 yaks (D:9)
  A steam dragon (D:7)
  2 water moccasins
  5 ice beasts
  2 orc warriors
  A sky beast (D:8)
  3 black bears
  An ogre (D:5)
  2 centaurs
  A kobold brigand (D:8)
  A bullfrog (D:9)
  8 wights
  3 killer bees (D:7)
  A howler monkey (D:4)
  A bombardier beetle (D:4)
  4 jellies
  A gnoll bouda (D:8)
  An orc priest (D:3)
  4 hounds
  Jessica (D:3)
  2 iguanas
  3 orc wizards
  13 gnolls
  7 adders
  A white imp (D:7)
  2 ufetubi (D:5)
  3 dart slugs
  2 ribbon worms
  32 orcs
  10 ball pythons
  12 endoplasms
  2 giant cockroaches
  7 goblins
  8 hobgoblins
  3 jackals (D:2)
  4 quokkas
  10 bats
  7 frilled lizards
  14 kobolds
  2 rats
193 creatures vanquished.

Vanquished Creatures (others)
  5 dream sheep (D:8)
  A gnoll sergeant (D:9)
  A gnoll (D:9)
7 creatures vanquished.

Grand Total: 200 creatures vanquished

Table legend: (Time is in decaauts)
 A = Elapsed time spent in this place.
 B = Non-inter-level travel time spent in this place.
 C = Inter-level travel time spent in this place.
 D = Time resting spent in this place.
 E = Time spent auto-exploring this place.
 F = Levels seen in this place.
 G = Mean time per level.
                   A        B        C        D        E       F      G
               +--------+--------+--------+--------+--------+-----+--------+
         Total |   6712 |   6314 |    398 |    437 |   4530 |  10 |  671.2 |
       Dungeon |   6678 |   6312 |    366 |    437 |   4530 |   9 |  742.0 |
        Temple |     33 |      1 |     32 |      0 |      0 |   1 |   33.0 |
               +--------+--------+--------+--------+--------+-----+--------+

Top non-repeatable levels by time:
     D:1: 1072 daAuts
     D:4: 1067 daAuts
     D:2: 988 daAuts
     D:6: 788 daAuts
     D:7: 717 daAuts
     D:5: 692 daAuts
     D:8: 635 daAuts
     D:3: 455 daAuts
     D:9: 261 daAuts
  Temple: 33 daAuts

Table legend:
 A = Non-vault XP
 B = Vault XP
 C = Vault XP percentage of total XP
 D = Non-vault monster count
 E = Vault monster count
 F = Vault count percentage of total count
                 A         B        C        D         E       F
            +---------+---------+-------+---------+---------+-------
      Total |    4632 |    1523 |  24.7 |     175 |      20 |  10.3
            +---------+---------+-------+---------+---------+-------
        D:1 |      47 |       0 |   0.0 |      26 |       0 |   0.0
        D:2 |      64 |       0 |   0.0 |      20 |       0 |   0.0
        D:3 |     106 |      75 |  41.4 |      24 |       7 |  22.6
        D:4 |     665 |      83 |  11.1 |      27 |       6 |  18.2
        D:5 |     351 |       0 |   0.0 |      13 |       0 |   0.0
        D:6 |     940 |       0 |   0.0 |      19 |       0 |   0.0
        D:7 |     242 |     760 |  75.8 |       9 |       6 |  40.0
        D:8 |     955 |       0 |   0.0 |      28 |       0 |   0.0
        D:9 |    1262 |     605 |  32.4 |       9 |       1 |  10.0
            +---------+---------+-------+---------+---------+-------
